 Dungeon Crawl Stone Soup version 0.28-a0-863-g8cecda6153 (webtiles) character file.

Game seed: 8660412301553633003

33 Htamos the Skirmisher (level 3, -3/32 (35) HPs)
             Began as a Gnoll Abyssal Knight on Nov 16, 2021.
             Was a Follower of Lugonu.
             Slain by a gnoll (4 damage)
             ... on level 1 of the Dungeon on Nov 17, 2021.
             The game lasted 00:03:06 (1484 turns).

Htamos the Skirmisher (Gnoll Abyssal Knight)        Turns: 1484, Time: 00:03:06

HP:   -3/32 (35)    AC: 13    Str: 13    XL:     3   Next: 29%
MP:   6/6           EV:  4    Int:  9    God:    Lugonu [*.....]
Gold: 30            SH:  0    Dex: 12    Spells: 3/3 levels left

rFire   . . .      SeeInvis .   a - +1 hand axe
rCold   . . .      Faith    .   (no shield)
rNeg    . . .      Spirit   .   j - +0 plate armour
rPois   .          Reflect  .   (no helmet)
rElec   .          Harm     .   n - +0 cloak
rCorr   +          Rampage  .   (no gloves)
Will    .....                   (no boots)
Stlth   ..........              (no amulet)
HPRegen 0.10/turn               e - ring of resist corrosion
MPRegen 0.10/turn               (no ring)

@: drained
A: fangs 1, strong nose, distributed training
a: Renounce Religion, Depart the Abyss


You were on level 1 of the Dungeon.
You worshipped Lugonu.
Lugonu was aware of your devotion.
You visited 1 branch of the dungeon, and saw 2 of its levels.
You visited the Abyss 1 time.

You collected 30 gold pieces.

Inventory:

Hand Weapons
 a - a +1 hand axe (weapon)
 k - a +1 dagger of venom
Missiles
 c - 39 stones
Armour
 b - a +0 leather armour
 d - a +0 chain mail
 j - a +0 plate armour (worn)
 n - a +0 cloak (worn)
Jewellery
 e - a ring of resist corrosion (left hand)
 g - a +6 ring of dexterity
Scrolls
 h - a scroll of teleportation {unknown}
 l - a scroll of fog {unknown}
 m - 2 scrolls of enchant weapon {unknown}
Potions
 f - a potion of brilliance {unknown}
 i - a potion of might {unknown}


   Skills:
 + Level 6.5 Fighting
 + Level 0.7 Short Blades
 + Level 0.7 Long Blades
 + Level 4.5 Axes
 + Level 0.7 Maces & Flails
 + Level 0.7 Polearms
 + Level 0.7 Staves
 + Level 0.7 Slings
 + Level 0.7 Bows
 + Level 0.7 Crossbows
 + Level 0.7 Throwing
 + Level 4.5 Armour
 + Level 2.6 Dodging
 + Level 0.7 Stealth
 + Level 0.7 Shields
 + Level 0.7 Unarmed Combat
 + Level 0.7 Spellcasting
 + Level 0.5 Conjurations
 + Level 0.5 Hexes
 + Level 0.5 Summonings
 + Level 0.5 Necromancy
 + Level 0.5 Translocations
 + Level 0.5 Transmutations
 + Level 0.5 Fire Magic
 + Level 0.5 Ice Magic
 + Level 0.5 Air Magic
 + Level 0.5 Earth Magic
 + Level 0.5 Poison Magic
 + Level 4.5 Invocations
 + Level 0.7 Evocations


You had 3 spell levels left.
You didn't know any spells.
Your spell library was empty.

Dungeon Overview and Level Annotations

Branches:
Dungeon (2/15)

Altars:


Innate Abilities, Weirdness & Mutations

You have very sharp teeth.
Your uncanny sense of smell can sniff out nearby items.
Your experience applies equally to all skills.


Message History

You barely miss the gnoll.
The gnoll hits you with a +0 flail of draining.
You feel drained. The gnoll hits you but does no damage.
The gnoll hits you with a +0 flail!
A hobgoblin comes into view.
The gnoll hits you but does no damage.
There is a stone staircase leading up here.
The gnoll hits you but does no damage.
You feel drained.
The gnoll hits you but does no damage. x2
You climb upwards.
There is a stone staircase leading down here.
The gnoll barely misses you.
You hit the gnoll. Your bite misses the gnoll.
The gnoll is heavily wounded.
The gnoll barely misses you.
You barely miss the gnoll.
The gnoll is heavily wounded.
You hit the gnoll.
The gnoll is heavily wounded.
The gnoll hits you but does no damage.
You hit the gnoll.
The gnoll is almost dead.
The gnoll hits you with a +0 flail.
* * * LOW HITPOINT WARNING * * *
You barely miss the gnoll.
The gnoll is almost dead.
The gnoll hits you with a +0 flail.
* * * LOW HITPOINT WARNING * * *
You hit the gnoll.
You kill the gnoll!
Lugonu accepts your kill.
You barely miss the gnoll.
The gnoll is moderately wounded.
The gnoll barely misses you.
You hit the gnoll.
The gnoll is severely wounded.
The gnoll hits you with a +0 flail of draining!
* * * LOW HITPOINT WARNING * * *
You feel drained.
You die...

####.........###.........# #
..........##...#.........# ####
##.)......#..####.#......#####...
##.#............)..............##
♣♣.♣♣####...#####..####......####
♣♣.♣♣♣♣...#..####...###♣.♣#♣.♣#♣#
PP.PP♣♣...#....##.#.##...........
P...PP♣♣..#.##.##.#....♣.♣#♣.♣#♣#
.....P♣♣..#.##.g@.###............
..⌠.........####.....##...##.....
[....P♣♣...## ##..........#.....
P...PP♣♣..######.......P♣.P......
PP.PP♣♣...##...........P♣P.)>....
♣♣.♣♣♣♣...#..###....>..♣♣♣♣......
♣♣.♣♣..........÷.......P♣.P.....#
#........#..#....#.........)....#
##.......#.###.........#.P......'


You could see a gnoll.

Vanquished Creatures
  A gnoll (D:1)
  4 endoplasms (D:1)
  A giant cockroach (D:1)
  2 hobgoblins (D:1)
  3 jackals (D:1)
  2 quokkas (D:1)
  A bat (D:1)
  2 frilled lizards (D:1)
  2 goblins (D:1)
  2 kobolds (D:1)
  A rat (D:1)
21 creatures vanquished.

Vanquished Creatures (others)
  4 plants (D:1)
4 creatures vanquished.

Grand Total: 25 creatures vanquished

Notes
Turn   | Place    | Note
-------+----------+-------------------------------------------
     0 | Abyss:1  | Htamos the Gnoll Abyssal Knight began the quest for the
                  | Orb.
     0 | Abyss:1  | Reached XP level 1. HP: 23/23 MP: 3/3
    38 | Abyss:1  | Found a corrupted altar of Lugonu.
   322 | Abyss:1  | Noticed a large abomination
   335 | D:1      | Escaped the Abyss
   620 | D:1      | Reached * piety under Lugonu
   624 | D:1      | Reached XP level 2. HP: 29/29 MP: 5/5
  1390 | D:1      | Reached XP level 3. HP: 35/35 MP: 6/6
  1484 | D:1      | HP: 1/34 [gnoll (9)]
  1484 | D:1      | Slain by a gnoll

Illustrated notes

Levels and vault maps discovered:
D:1:      sevenhm_arrival_forest_fort_small_1, layout_rooms, serial_forest,
          infiniplex_forest_straight_5, infiniplex_forest_lined_3,
          infiniplex_forest_zigzag_1, infiniplex_forest_fountain,
          infiniplex_forest_lined_room_, infiniplex_forest_clump_double,
          infiniplex_forest_lined_3_way, infiniplex_forest_end_2,
          infiniplex_forest_corner_1, dk_noncrumbling_3
D:2:      layout_basic, dreamdust_ecumenical_altar_drowned_temple,
          kennysheep_big_empty_room, uniq_sigmund

Action                   || total
-------------------------++-------
Melee: Hand axe          ||    72
       Bite              ||     2
Invok: Depart the Abyss  ||     1
Armor: Chain mail        ||    20
       Plate armour      ||    37
Dodge: Dodged            ||    26

Table legend: (Time is in decaauts)
 A = Elapsed time spent in this place.
 B = Non-inter-level travel time spent in this place.
 C = Inter-level travel time spent in this place.
 D = Time resting spent in this place.
 E = Time spent auto-exploring this place.
 F = Levels seen in this place.
 G = Mean time per level.
                   A        B        C        D        E       F      G
               +--------+--------+--------+--------+--------+-----+--------+
         Total |   1491 |   1464 |     27 |    471 |    673 |   3 |  497.0 |
       Dungeon |   1156 |   1129 |     27 |    271 |    626 |   2 |  578.0 |
         Abyss |    335 |    335 |      0 |    200 |     47 |   1 |  335.0 |
               +--------+--------+--------+--------+--------+-----+--------+

Top non-repeatable levels by time:
     D:1: 1143 daAuts
 Abyss:1: 335 daAuts
     D:2: 13 daAuts
